 Dungeon Crawl Stone Soup version 0.22-a0-231-g1b571ea (webtiles) character file.

4022 Serpenta the Firebug (level 10, -4/50 HPs)
             Began as a Kobold Fire Elementalist on Feb 20, 2018.
             Was a Follower of Vehumet.
             Killed by miscasting Fireball (47 damage)
             ... on level 9 of the Dungeon on Feb 21, 2018.
             The game lasted 00:33:31 (10412 turns).

Serpenta the Firebug (Kobold Fire Elementalist)    Turns: 10412, Time: 00:33:32

Health: -4/50      AC:  4    Str:  6    XL:     10   Next: 47%
Magic:  9/14       EV: 15    Int: 20    God:    Vehumet [*.....]
Gold:   451        SH:  8    Dex: 15    Spells: 4/17 levels left

rFire    . . .     SeeInvis +   s - +1 dagger (drain)
rCold    . . .     Gourm    .   f - +2 buckler
rNeg     . . .     Faith    .   a - +0 robe
rPois    +         Spirit   .   (helmet restricted)
rElec    .         Reflect  .   (no cloak)
rCorr    .         Harm     .   x - +1 pair of gloves
MR       +....                  (no boots)
Stlth    ++........             c - amulet of magic regeneration
HPRegen  0.16/turn              q - ring of protection from magic
MPRegen  0.39/turn              (no ring)

@: very slightly contaminated
A: small, antennae 1, see invisible, carnivore, low mp 1, poison resistance
a: Renounce Religion


You were on level 9 of the Dungeon.
You worshipped Vehumet.
Vehumet was aware of your devotion.
You were completely stuffed.

You visited 1 branch of the dungeon, and saw 9 of its levels.

You collected 500 gold pieces.
You spent 49 gold pieces at shops.


Innate Abilities, Weirdness & Mutations

You are small and have problems with some larger weapons.
You are carnivorous and can eat meat at any time.
You have a pair of small antennae on your head.
You have supernaturally acute eyesight. (SInv)
Your magical capacity is low. (-10% MP)
Your system is resistant to poisons. (rPois)


   Skills:
 - Level 2.4 Dodging
 - Level 2.6 Stealth
 - Level 5.6 Shields
 - Level 4.0 Spellcasting
 + Level 7.5 Conjurations
 + Level 7.9 Fire Magic
 * Level 7.7 Evocations


You had 4 spell levels left.
You knew the following spells:

 Your Spells              Type           Power        Failure   Level  Hunger
A - Flame Tongue          Conj/Fire      ####.        1%          1    None
B - Conjure Flame         Conj/Fire      ####....     1%          3    ###....
C - Sticky Flame          Conj/Fire      ####....     5%          4    ####...
D - Fireball              Conj/Fire      ####......   14%         5    ######.

Action                   |  1- 3 |  4- 6 |  7- 9 | 10-12 || total
-------------------------+-------+-------+-------+-------++-------
Melee: Spear             |     5 |   108 |    84 |       ||   197
       Dagger            |       |       |    62 |    11 ||    73
 Cast: Flame Tongue      |    50 |   142 |   172 |    40 ||   404
       Conjure Flame     |       |     3 |    12 |     2 ||    17
       Sticky Flame      |       |     1 |    16 |    12 ||    29
       Fireball          |       |       |       |     2 ||     2
Evoke: Wand              |       |     1 |    11 |       ||    12
  Use: Scroll            |       |     7 |     7 |     5 ||    19
       Potion            |       |     1 |     3 |       ||     4
 Stab: Distracted        |       |       |     1 |       ||     1
       Sleeping          |       |       |     2 |       ||     2
  Eat: Chunk             |     9 |    13 |    17 |     7 ||    46
Armor: Robe              |     2 |    25 |    18 |     1 ||    46
Dodge: Dodged            |     9 |    80 |    85 |     7 ||   181
Block: Buckler           |       |    54 |    61 |     9 ||   124

Inventory:

Hand Weapons
 s - a +1 dagger of draining (weapon)
Armour
 a - a +0 robe (worn)
 f - a +2 buckler (worn)
 v - a +0 helmet
 x - a +1 pair of gloves (worn)
Jewellery
 c - an amulet of magic regeneration (around neck)
 q - a ring of protection from magic (left hand)
Wands
 m - a wand of flame (61)
 B - a wand of disintegration (11)
 D - a wand of clouds (6)
 E - a wand of acid (3)
Scrolls
 i - a scroll of fog
 k - 7 scrolls of teleportation
 l - 4 scrolls of amnesia
 o - a scroll of fear {unknown}
 r - a scroll of enchant armour
 t - a scroll of remove curse
 w - a scroll of enchant weapon {unknown}
 y - a scroll of blinking
 A - a scroll of vulnerability {unknown}
Potions
 d - 2 potions of lignification
 e - 3 potions of heal wounds
 g - a potion of invisibility
 h - a potion of magic
 j - 5 potions of haste
 n - 5 potions of curing {unknown}
 p - 2 potions of brilliance
 u - 4 potions of mutation
 z - a potion of flight
Comestibles
 b - 18 rations
 C - 3 chunks of flesh {@w1}

#...F...............
##########...<...............
......÷......................
.)...÷.......................
.............................
#####################........
#...$....
#####################W.......
................@............
.............................
#############################


You could see a hungry ghost.

Vanquished Creatures
  3 hippogriffs (D:8)
  A hornet zombie (D:8)
  3 orc warriors (D:9)
  A sky beast (D:8)
  2 black bears
  A necrophage (D:8)
  2 eyes of draining (D:4)
  2 phantoms (D:6)
  5 ogres
  2 bullfrogs
  A water moccasin zombie (D:8)
  5 scorpions
  4 killer bees (D:7)
  8 howler monkeys
  2 crimson imps
  A quasit (D:4)
  A bullfrog zombie (D:6)
  A centaur skeleton (D:8)
  5 hounds
  A bullfrog skeleton (D:4)
  A jelly (D:6)
  3 orc priests
  An iguana (D:8)
  Ijyb (D:4)
  10 orc wizards
  2 worker ants (D:8)
  A hound skeleton (D:7)
  A howler monkey skeleton (D:6)
  8 adders
  An ooze (D:1)
  An adder skeleton (D:7)
  2 worms
  9 dart slugs
  3 leopard geckos
  31 orcs
  10 bats
  6 giant cockroaches
  5 goblins
  9 hobgoblins
  9 jackals
  6 quokkas
  5 frilled lizards
  A giant cockroach zombie (D:6)
  A jackal skeleton (D:7)
  11 kobolds
  A quokka zombie (D:6)
  12 rats
  2 fungi (D:2)
204 creatures vanquished.

Vault maps used:
D:1:      onia_arrival_mini_maze, minmay_heptomino_l4
D:2:      old_standard_altar, nicolae_dithmenos_shadow_blocks, hex_intersection,
          uniq_crazy_yiuf_cottage
D:3:      marbit_many_paths, lemuel_coloured_pillars_altar, first_ration,
          uniq_terence
D:4:      trog_eyes_of_draining, serial_shops, kennysheep_little_box, uniq_ijyb
D:5:      grunt_gozag_statues
D:6:      cheibrodos_ashenzari_chains, kennysheep_mini, bh_chokoban
D:7:      grunt_temple_overflow_open, minmay_temple_entry_poolview,
          serial_shops, nicolae_shop_crystal, eino_jars
D:8:      basic_altar
D:9:      old_standard_altar, erik_orc_2, blue_anna_alchemist


Message History

The bullfrog is lightly wounded.
The bullfrog is covered in liquid flames!
The bullfrog burns!
The bullfrog hits you.
The bullfrog burns!
The bullfrog hits you.
The bullfrog burns!
The bullfrog burns!
You kill the bullfrog!
Vehumet accepts your kill.
You feel your power returning.
Casting: Sticky Flame (safe; 5% risk of failure)
Confirm with . or Enter, or press ? or * to list all spells.
Aiming: Fireball (slightly dangerous; 14% risk of failure)
Press: ? - help, Shift-Dir - straight line, f - hungry ghost
Aim: a hungry ghost You miscast Fireball.
You are very lightly contaminated with residual magic.
There is a sudden explosion of magical energy!
The explosion engulfs you!
Ouch! That really hurt!
You die...

Notes
Turn   | Place    | Note
-------+----------+-------------------------------------------
     0 | D:1      | Serpenta the Kobold Fire Elementalist began the quest for the Orb.
     0 | D:1      | Reached XP level 1. HP: 10/10 MP: 3/3
   160 | D:1      | Reached XP level 2. HP: 15/15 MP: 1/5
   476 | D:1      | Reached XP level 3. HP: 19/19 MP: 3/6
   509 | D:1      | Learned a level 3 spell: Conjure Flame
  1135 | D:1      | Reached XP level 4. HP: 24/24 MP: 6/8
  1145 | D:1      | Learned a level 4 spell: Sticky Flame
  1657 | D:2      | Reached skill level 1 in Shields
  1866 | D:2      | Found a shadowy altar of Dithmenos.
  1982 | D:2      | Reached XP level 5. HP: 23/28 MP: 0/9
  2098 | D:2      | Found a hide-covered altar of Uskayaw.
  2621 | D:2      | Found a runed door.
  3363 | D:3      | Reached XP level 6. HP: 27/32 MP: 4/10
  3454 | D:3      | Found a blossoming altar of Fedhas.
  3490 | D:3      | Noticed Terence
  3811 | D:3      | Found an ornate altar of the Wu Jian Council.
  4361 | D:4      | Noticed Ijyb
  4373 | D:4      | Killed Ijyb
  4784 | D:4      | Found Gostreu's Armour Boutique.
  4789 | D:4      | Bought a +0 pair of gloves for 49 gold pieces
  4938 | D:4      | Reached XP level 7. HP: 28/36 MP: 2/11
  5380 | D:4      | Found a bloodstained altar of Trog.
  5447 | D:4      | Reached skill level 5 in Shields
  5804 | D:5      | Entered Level 5 of the Dungeon
  6031 | D:5      | Found an opulent altar of Gozag.
  6202 | D:5      | Reached XP level 8. HP: 38/41 MP: 7/12
  6765 | D:5      | Gained mutation: Your system is resistant to poisons. (rPois) [potion of mutation]
  6765 | D:5      | Gained mutation: Your magical capacity is low. (-10% MP) [potion of mutation]
  6765 | D:5      | Gained mutation: You have a pair of small antennae on your head. [potion of mutation]
  6765 | D:5      | Gained mutation: You have supernaturally acute eyesight. (SInv) [potion of mutation]
  7240 | D:6      | Found a sacrificial altar of Ru.
  7288 | D:6      | Found a shattered altar of Ashenzari.
  7401 | D:6      | Reached skill level 5 in Fire Magic
  7737 | D:6      | Reached skill level 5 in Conjurations
  7763 | D:6      | Learned a level 5 spell: Fireball
  7825 | D:6      | Reached XP level 9. HP: 34/45 MP: 13/13
  8235 | D:7      | Found Otisuiplas's Antique Armour Shoppe.
  8288 | D:7      | Found a burning altar of Makhleb.
  8290 | D:7      | Found a basalt altar of Yredelemnul.
  8290 | D:7      | Found a radiant altar of Vehumet.
  8313 | D:7      | Became a worshipper of Vehumet
  8549 | D:7      | Reached skill level 1 in Evocations
  8981 | D:7      | Found a staircase to the Ecumenical Temple.
  9040 | D:8      | Noticed a hippogriff
  9051 | D:8      | Killed a hippogriff
  9276 | D:8      | Reached * piety under Vehumet
  9276 | D:8      | Offered knowledge of Magic Dart by Vehumet.
  9317 | D:8      | Reached skill level 5 in Evocations
  9412 | D:8      | Reached XP level 10. HP: 50/50 MP: 9/14
  9880 | D:8      | Found an ornate altar of the Wu Jian Council.
 10111 | D:9      | Noticed a two-headed ogre
 10412 | D:9      | Killed by miscasting Fireball
